 Dungeon Sprint DCSS version 0.17-a0-226-ge260c71 (webtiles) character file.

555 BluebellGnoll the Basher (level 7, -3/80 HPs)
             Began as a Troll Hunter on Mar 15, 2015.
             Was a Believer of Trog.
             Killed from afar by an efreet (16 damage)
             ... with a fireball
             ... in the Dungeon (Sprint IX: "|||||||||||||||||||||||||||||") on Mar 28, 2015.
             The game lasted 00:03:42 (193 turns).

BluebellGnoll the Basher (Troll Hunter)              Turns: 193, Time: 00:03:43

Health: -3/80      AC:  7    Str: 23    XL:     7   Next: 8%
Magic:  3/3        EV: 10    Int:  7    God:    Trog [**....]
Gold:   0          SH:  0    Dex: 13    Spells: 0 memorised, 6 levels left

rFire  . . .     SeeInvis .     n - +2 morningstar (crush)
rCold  . . .     Clarity  .     d - +0 animal skin
rNeg   . . .     SustAb   .     (no shield)
rPois  .         Gourm    +     (helmet restricted)
rElec  .         Spirit   .     (no cloak)
rCorr  .         Warding  .     (gloves unavailable)
rMut   .         NoTele   +     (boots unavailable)
MR     .....                    (no amulet)
Stlth  +.........               p - +3 ring of dexterity
                                o - +2 ring of protection

@: not resistant to hostile enchantments, very unstealthy
A: unfitting armour, claws 3, fast metabolism 3, gourmand, regeneration 2,
shaggy fur 1, tough skin 2
a: Burn Spellbooks, Berserk, Trog's Hand, Renounce Religion


You were in the Dungeon.
You worshipped Trog.
Trog was pleased with you.
You were completely stuffed.

You visited 1 branch

Inventory:

Hand weapons
 a - a +0 dagger
 n - a +2 morningstar of crushing (weapon)
Missiles
 b - 5 large rocks (quivered)
 c - 2 throwing nets
 q - a stone
Armour
 d - a +0 animal skin (worn)
 r - a +0 robe
Jewellery
 o - a +2 ring of protection (left claw)
 p - a +3 ring of dexterity (right claw)
Magical devices
 m - a wand of fire (5)
Scrolls
 k - 2 scrolls of blinking
 l - 3 scrolls of remove curse
Potions
 e - 6 potions of curing
 g - 3 potions of heal wounds
 h - a potion of haste
 i - 4 potions of magic
 j - a potion of invisibility
Comestibles
 f - 2 meat rations


   Skills:
 + Level 8.1 Fighting
 - Level 8.4 Maces & Flails
 - Level 7.9 Throwing
 - Level 1.5 Dodging
 - Level 0.4 Stealth


You had 6 spell levels left.
You didn't know any spells.

Dungeon Overview and Level Annotations

Branches:
Dungeon (1/1)

Altars:
Cheibriados
Dithmenos
Elyvilon
Fedhas
Gozag
Kikubaaqudgha
Makhleb
Nemelex Xobeh
Okawaru
Qazlal
Ru
Sif Muna
Trog
Vehumet
Xom
Yredelemnul
Zin
The Shining One
Beogh
Jiyva
Lugonu


Innate Abilities, Weirdness & Mutations

You are too large for most types of armour.
You have claws for hands.
Your metabolism is lightning-fast.
You like to eat raw meat.
You heal very quickly.
You are covered in fur (AC +1).
You have very tough skin (AC +2).


Message History

Your Fighting skill gained 3 levels and is now at level 8!
You have reached level 7!
The efreet gestures at you.
The fireball explodes!
The fireball engulfs you! The efreet gestures at you.
The bolt of fire hits you!
* * * LOW HITPOINT WARNING * * *
Things that are here:
2 large rocks; a cyclops corpse You are too injured to fight recklessly!
You are too injured to fight recklessly!
Unknown command.
You are too injured to fight recklessly!
You are too injured to fight recklessly!
You are too injured to fight recklessly!
You barely miss the efreet.
The efreet is severely wounded.
The efreet gestures at you.
The fireball explodes!
The fireball engulfs you!
You die...

▓+▓
▓.▓
▓.▓
▓§▓
▓R▓
▓@▓
▓.▓
▓†▓
▓.▓
▓.▓
▓.▓
▓.▓
▓.▓
▓%▓


You could see an efreet.

Vanquished Creatures
  A cyclops (D)
  A two-headed ogre (D)
  A big kobold (D)
  A gnoll sergeant (D)
  A giant frog (D)
  An orc priest (D)
  An orc wizard (D)
  An iguana (D)
  An adder (D)
  An adder skeleton (D)
  A bat skeleton (D)
  A jackal (D)
  4 bats (D)
  A giant spore (D)
  2 goblins (D)
  2 rats (D)
21 creatures vanquished.

Notes
Turn   | Place    | Note
--------------------------------------------------------------
     0 | D        | BluebellGnoll, the Troll Hunter, began the quest for the Orb.
     0 | D        | Reached XP level 1. HP: 19/19 MP: 1/1
    12 | D        | Reached skill level 4 in Throwing
    35 | D        | Noticed an iguana
    35 | D        | Noticed an orc priest
    46 | D        | Reached skill level 5 in Throwing
    50 | D        | Killed an orc priest
    50 | D        | Reached skill level 7 in Throwing
    50 | D        | Reached XP level 2. HP: 10/27 MP: 1/1
    50 | D        | Reached XP level 3. HP: 12/33 MP: 2/2
    55 | D        | Killed an iguana
    76 | D        | Found a glowing silver altar of Zin.
    76 | D        | Found a glowing golden altar of the Shining One.
    76 | D        | Found an ancient bone altar of Kikubaaqudgha.
    76 | D        | Found a basalt altar of Yredelemnul.
    76 | D        | Found a shimmering altar of Xom.
    76 | D        | Found a radiant altar of Vehumet.
    76 | D        | Found an iron altar of Okawaru.
    77 | D        | Found a burning altar of Makhleb.
    78 | D        | Found a deep blue altar of Sif Muna.
    79 | D        | Found a bloodstained altar of Trog.
    80 | D        | Found a sparkling altar of Nemelex Xobeh.
    81 | D        | Found a white marble altar of Elyvilon.
    82 | D        | Found a roughly hewn altar of Beogh.
    85 | D        | Found a viscous altar of Jiyva.
    86 | D        | Found a corrupted altar of Lugonu.
    87 | D        | Found a blossoming altar of Fedhas.
    90 | D        | Found a snail-covered altar of Cheibriados.
    91 | D        | Found a shadowy altar of Dithmenos.
    92 | D        | Became a worshipper of Trog the Wrathful
    93 | D        | Found a stormy altar of Qazlal.
    94 | D        | Found an opulent altar of Gozag.
    95 | D        | Found a sacrificial altar of Ru.
   125 | D        | Upgraded the game from 0.17-a0-81-g781747f to 0.17-a0-226-ge260c71
   125 | D        | Noticed an orc wizard
   125 | D        | Noticed a big kobold
   125 | D        | Noticed a gnoll sergeant
   126 | D        | Reached XP level 4. HP: 41/41 MP: 2/2
   130 | D        | Killed a gnoll sergeant
   130 | D        | Reached skill level 5 in Maces & Flails
   130 | D        | Reached XP level 5. HP: 36/48 MP: 2/2
   135 | D        | Killed a big kobold
   135 | D        | Acquired Trog's first power
   140 | D        | Killed an orc wizard
   140 | D        | Reached skill level 8 in Maces & Flails
   144 | D        | Acquired Trog's second power
   179 | D        | Noticed an efreet
   179 | D        | Noticed a two-headed ogre
   179 | D        | Noticed a cyclops
   179 | D        | Noticed a giant frog
   187 | D        | Killed a giant frog
   187 | D        | Reached XP level 6. HP: 47/62 MP: 3/3
   188 | D        | Killed a two-headed ogre
   188 | D        | Reached skill level 5 in Fighting
   191 | D        | Killed a cyclops
   191 | D        | Reached XP level 7. HP: 57/80 MP: 3/3
   193 | D        | Killed from afar by an efreet

Action                   |  1- 3 |  4- 6 |  7- 9 || total
-------------------------+-------+-------+-------++-------
Melee: Short sword       |    32 |       |       ||    32
       Morningstar       |       |    23 |     1 ||    24
Invok: Trog's Hand       |       |     1 |       ||     1
Evoke: Wand              |       |     2 |       ||     2
  Use: Potion            |     1 |       |       ||     1
  Eat: Chunk             |     4 |     4 |       ||     8
